 Dungeon Crawl Stone Soup version 0.20.1-1-g8b1a95d66d (webtiles) character file.

795 Gargoyl the Chopper (level 7, 0/60 HPs)
             Began as a Centaur Abyssal Knight on Dec 8, 2017.
             Was a Believer of Lugonu.
             Splashed by a jelly's acid (5 damage)
             ... on level 5 of the Dungeon.
             The game lasted 00:11:09 (5038 turns).

Gargoyl the Chopper (Centaur Abyssal Knight)        Turns: 5038, Time: 00:11:11

Health: 0/60       AC: -6    Str: 14    XL:     7   Next: 58%
Magic:  9/9        EV:  7    Int: 13    God:    Lugonu [**....]
Gold:   236        SH:  0    Dex: 11    Spells: 6/6 levels left

rFire    . . .     SeeInvis .   a - +1 hand axe
rCold    + . .     Gourm    .   (no shield)
rNeg     + + .     Faith    .   o - +0 scale mail {rC+}
rPois    +         Spirit   .   n - +0 helmet of Caocas {rPois MR+ Int+2}
rElec    +         Reflect  .   (no cloak)
rCorr    .         Harm     .   b - +0 pair of gloves
MR       +....                  (no barding)
Stlth    ..........             e - amulet "Waenamma" {RegenMP rElec rPois rN+}
Regen    0.2/turn               f - ring of positive energy
MPRegen  0.2/turn               (no ring)

@: corroded, very quick
A: hooves 3, deformed body, speed 2, tough skin 3
a: Depart the Abyss, Bend Space, Renounce Religion


You were on level 5 of the Dungeon.
You worshipped Lugonu.
Lugonu was pleased with you.
You were not hungry.

You visited 1 branch of the dungeon, and saw 5 of its levels.
You visited the Abyss 1 time.

You collected 236 gold pieces.

Inventory:

Hand Weapons
 a - a +1 hand axe (weapon)
Armour
 b - a +0 pair of gloves (worn)
 n - the +0 helmet of Caocas (worn) {rPois MR+ Int+2}
   (You took it off Robin on level 2 of the Dungeon)

   It affects your intelligence (+2).
   It protects you from poison.
   It affects your resistance to hostile enchantments.
 o - a +0 scale mail of cold resistance (worn)
Jewellery
 e - the amulet "Waenamma" (around neck) {RegenMP rElec rPois rN+}
   (You found it on level 2 of the Abyss)

   [amulet of magic regeneration]

   It increases your magic regeneration.
   It insulates you from electricity.
   It protects you from poison.
   It protects you from negative energy.
 f - a ring of positive energy (left hand)
 l - an uncursed amulet of rage {unknown}
 s - an uncursed ring of wizardry {unknown}
Wands
 g - a wand of flame (33/48)
 h - a wand of random effects (14/48)
Scrolls
 k - 3 scrolls of teleportation
 m - 3 scrolls of remove curse
 v - a scroll of identify
Potions
 i - 2 potions of curing {unknown}
 p - a potion of resistance {unknown}
 r - a potion of invisibility {unknown}
 t - a potion of heal wounds
Comestibles
 c - 4 bread rations
 d - a meat ration
 j - 2 royal jellies
 q - 2 fruits


   Skills:
 + Level 4.3 Fighting
 + Level 4.4 Axes
 * Level 4.1 Armour
 + Level 1.6 Dodging
 * Level 3.8 Invocations


You had 6 spell levels left.
You didn't know any spells.

Dungeon Overview and Level Annotations

Branches:
Dungeon (5/15)
 Temple: D:4-7

Altars:
Cheibriados
Gozag
Makhleb
Qazlal
Ru
Vehumet
Yredelemnul


Innate Abilities, Weirdness & Mutations

You have hooves in place of feet.
Armour fits poorly on your strangely shaped body.
You cover ground very quickly.
You have extremely tough skin. (AC +3)


Message History

You hit the jelly but do no damage.
Your hands burn!
Your kick misses the jelly.
The jelly is lightly wounded.
The jelly hits you.
You are splashed with acid!
The acid burns!
You slash the jelly!
Your hands burn!
You kick the jelly, but do no damage.
The jelly is heavily wounded.
The jelly hits you.
You are splashed with acid!
The acid burns!
You hit the jelly but do no damage.
Your hands burn!
The jelly is heavily wounded.
The jelly hits you.
* * * LOW HITPOINT WARNING * * *
The acid corrodes you!
You are splashed with acid!
The acid burns!
* * * LOW HITPOINT WARNING * * *
You hit the jelly but do no damage.
Your hands burn!
* * * LOW HITPOINT WARNING * * *
The jelly is heavily wounded.
The jelly hits you.
* * * LOW HITPOINT WARNING * * *
The acid corrodes you!
You are splashed with acid!
The acid burns!
You die...

#.......)...
#....>......
#..........
#........#######
#.#.#.#.#.#$...#
..............#
#.#.#.#.#.#.#....#
#......@J†.......#
#.#.#.#.#.#.#<...+
..............#
#.#.#.#.#.#....#
#...........+#+##
##.#.#.#.#.#.#
#............#
##.#.#.#.#.#.# ..


You could see a jelly.

Vanquished Creatures
  A human (D:3)
  An ogre (D:4)
  A crimson imp (D:3)
  A bullfrog skeleton (D:4)
  An orc priest (D:3)
  A human skeleton (D:3)
  3 orc wizards
  Natasha (thrice) (D:2)
  2 iguanas (D:4)
  A worker ant (D:4)
  Robin (D:2)
  4 gnolls
  5 adders
  A shadow imp (D:3)
  An ooze (D:2)
  An adder skeleton (D:4)
  4 worms
  A dart slug (D:2)
  A leopard gecko (D:2)
  5 orcs
  4 giant cockroaches
  14 goblins
  12 hobgoblins
  3 jackals
  2 quokkas (D:4)
  5 ball pythons
  9 bats
  4 frilled lizards
  5 kobolds
  9 rats
106 creatures vanquished.

Notes
Turn   | Place    | Note
-------+----------+-------------------------------------------
     0 | Abyss:1  | Gargoyl the Centaur Abyssal Knight began the quest for the Orb.
     0 | Abyss:1  | Reached XP level 1. HP: 19/19 MP: 2/2
    74 | Abyss:1  | Noticed a large abomination
   138 | Abyss:1  | Noticed a spatial vortex
   138 | Abyss:1  | Noticed a spatial vortex
   138 | Abyss:1  | Noticed a spatial vortex
   139 | Abyss:1  | Noticed a small abomination
   140 | Abyss:1  | Noticed a spatial vortex
   140 | Abyss:1  | Noticed a spatial vortex
   140 | Abyss:1  | Noticed a spatial vortex
   141 | Abyss:1  | Noticed a spatial maelstrom
   141 | Abyss:1  | Noticed a spatial vortex
   142 | Abyss:1  | Noticed a spatial vortex
   151 | Abyss:1  | Noticed a ynoxinul
   153 | Abyss:1  | Noticed a spatial vortex
   154 | Abyss:1  | Noticed a spatial vortex
   154 | Abyss:1  | Noticed an insubstantial wisp
   156 | Abyss:1  | Noticed an insubstantial wisp
   156 | Abyss:1  | Noticed an insubstantial wisp
   157 | Abyss:1  | Noticed an insubstantial wisp
   168 | Abyss:1  | Noticed a great orb of eyes
   269 | Abyss:2  | Got a sparkling garnet amulet
   270 | Abyss:2  | Identified the amulet "Waenamma" {RegenMP rElec rPois rN+} (You found it on level 2 of the Abyss)
   277 | Abyss:2  | Noticed an ice devil
   278 | D:1      | Escaped the Abyss
   419 | D:1      | Reached XP level 2. HP: 25/26 MP: 3/3
   610 | D:1      | Reached * piety under Lugonu
   843 | D:2      | Noticed Natasha
   888 | D:2      | Killed Natasha
   888 | D:2      | Reached XP level 3. HP: 19/31 MP: 4/4
  1187 | D:2      | Found a sacrificial altar of Ru.
  1207 | D:2      | Found a snail-covered altar of Cheibriados.
  1260 | D:2      | Found a basalt altar of Yredelemnul.
  1342 | D:2      | Reached XP level 4. HP: 27/39 MP: 5/5
  1428 | D:2      | Noticed Natasha
  1435 | D:2      | Killed Natasha
  1454 | D:2      | Reached skill level 1 in Dodging
  1667 | D:2      | Found an opulent altar of Gozag.
  1696 | D:2      | Noticed Robin
  1701 | D:2      | Reached XP level 5. HP: 46/46 MP: 7/7
  1713 | D:2      | Killed Robin
  1716 | D:2      | Got an ancient helmet
  1872 | D:2      | Identified the +0 helmet of Caocas {rPois MR+ Int+2} (You took it off Robin on level 2 of the Dungeon)
  1882 | D:2      | Noticed Natasha
  1897 | D:2      | Killed Natasha
  1897 | D:2      | Reached ** piety under Lugonu
  2616 | D:3      | Found a burning altar of Makhleb.
  2956 | D:3      | Reached XP level 6. HP: 51/52 MP: 8/8
  3169 | D:3      | Found a runed door.
  3169 | D:3      | Noticed a human
  3191 | D:3      | Found a basalt altar of Yredelemnul.
  3947 | D:3      | Killed a human
  4090 | D:3      | Reached XP level 7. HP: 45/59 MP: 9/9
  4229 | D:4      | Found a stormy altar of Qazlal.
  4352 | D:4      | Found a radiant altar of Vehumet.
  5022 | D:5      | Entered Level 5 of the Dungeon
  5038 | D:5      | Splashed by a jelly's acid

Skill      XL: |  1  2  3  4  5  6  7 |
---------------+----------------------+-----
Axes           | 2 3 4 |  4.4
Armour         | 2 3 4 |  4.1
Dodging        | 1 |  1.6
Invocations    | 3 |  3.8
Fighting       | 4 |  4.3

Action                   |  1- 3 |  4- 6 |  7- 9 || total
-------------------------+-------+-------+-------++-------
Melee: Hand axe          |    76 |   231 |    62 ||   369
       Kick              |    18 |    53 |    19 ||    90
Invok: Depart the Abyss  |     1 |       |       ||     1
  Use: Scroll            |     6 |     2 |     1 ||     9
       Potion            |     1 |     2 |       ||     3
  Eat: Chunk             |       |     4 |     2 ||     6
       Bread ration      |       |     1 |       ||     1
Armor: Leather armour    |     9 |       |       ||     9
       Ring mail         |    47 |    61 |       ||   108
       Scale mail        |       |    70 |    38 ||   108
Dodge: Dodged            |    55 |   107 |    38 ||   200
